 Dungeon Crawl Stone Soup version 0.19-a0-1498-g0b85ae9 (webtiles) character file.

300 Leszczynek the Cudgeler (level 6, -2/57 HPs)
             Began as an Ogre Necromancer on Sept 10, 2016.
             Slain by a centaur (9 damage)
             ... on level 3 of the Dungeon.
             The game lasted 00:11:39 (4198 turns).

Leszczynek the Cudgeler (Ogre Necromancer)          Turns: 4198, Time: 00:11:39

Health: -2/57      AC:  3    Str: 16    XL:     6   Next: 36%
Magic:  9/9        EV: 10    Int: 14    God:
Gold:   168        SH:  0    Dex: 13    Spells: 3 memorised, 4 levels left

rFire  . . .     SeeInvis .     a - +0 flail
rCold  . . .     Gourm    .     m - +0 robe of Negligence {+Inv Slay+3}
rNeg   . . .     Faith    .     (no shield)
rPois  .         Spirit   .     (helmet restricted)
rElec  .         Dismiss  .     (no cloak)
rCorr  .         Reflect  .     (gloves unavailable)
MR     .....     Harm     .     (boots unavailable)
Stlth  ++........               (no amulet)
                                (no ring)
                                p - +3 ring of dexterity

@: no status effects
A: unfitting armour, tough skin 1
a: Evoke Invisibility


You were on level 3 of the Dungeon.
You were not hungry.

You visited 1 branch of the dungeon, and saw 4 of its levels.

You collected 168 gold pieces.

Inventory:

Hand Weapons
 a - a +0 flail (weapon)
 i - a +0 mace
Missiles
 h - 3 javelins (quivered)
 k - 2 needles of confusion
Armour
 e - a +1 robe
 m - the +0 robe of Negligence (worn) {+Inv Slay+3}
   (You found it on level 4 of the Dungeon)

   It affects your accuracy and damage with ranged weapons and melee attacks
   (+3).
   It lets you turn invisible.
Jewellery
 p - a +3 ring of dexterity (left hand)
 r - an uncursed amulet of faith
Scrolls
 c - 2 scrolls of magic mapping
 j - a scroll of remove curse
 o - a scroll of teleportation {unknown}
 s - a scroll of enchant armour
Books
 b - a book of Necromancy

   Spells                             Type                      Level
   a - Pain                           Necromancy                   1
   b - Animate Skeleton               Necromancy                   1
   c - Vampiric Draining              Necromancy                   3
   d - Regeneration                   Charms/Necromancy            3
   e - Animate Dead                   Necromancy                   4
   f - Control Undead                 Necromancy                   4
Comestibles
 d - 3 bread rations
 g - 8 fruits
 l - a slice of pizza
 n - 2 meat rations
 t - a royal jelly


   Skills:
 - Level 2.0 Fighting
 * Level 7.7 Maces & Flails
 - Level 1.7 Dodging
 - Level 1.5 Stealth
 - Level 2.4 Spellcasting
 - Level 2.9 Necromancy


You had 4 spell levels left.
You knew the following spells:

 Your Spells              Type           Power        Failure   Level  Hunger
a - Pain                  Necr           ##..         10%         1    #......
b - Animate Skeleton      Necr           N/A          10%         1    #......
q - Regeneration          Chrm/Necr      #.........   38%         3    ###....


Dungeon Overview and Level Annotations

Branches:
Dungeon (4/15)
 Temple: D:4-7

Altars:
The Shining One

Shops:
D:4 (

Annotations:
D:3 centaur
D:4 ogre, exclusions: ice beast and ogre, Pikel


Innate Abilities, Weirdness & Mutations

You are too large for most types of armour.
You have tough skin. (AC +1)


Message History

The centaur shoots an arrow.
The arrow closely misses you.
The centaur shoots an arrow.
The arrow closely misses you.
The centaur unwields an uncursed shortbow.
The centaur hits you.
The centaur hits you but does no damage.
The centaur hits you.
It was a potion of cure mutation.
It has a very clean taste.
The centaur barely misses you.
You barely miss the centaur. The centaur hits you. The centaur hits you!
* * * LOW HITPOINT WARNING * * *
You aren't carrying any items that you can evoke.
You hit the centaur.
The centaur is lightly wounded.
The centaur closely misses you.
You hit the centaur.
The centaur is moderately wounded.
The centaur hits you.
* * * LOW HITPOINT WARNING * * *
The centaur hits you!
You die...

##................##.<...####.
#.................###.#...##.
#.....................###.###
#$.................#### #.# #
. .........<.#... #.# #
..........(..#.#.#####.###
............##.#..........
...........###.#######....
......##..@......### ###..
#.........#c..##....# ##.
..#.##.##..o#....##.## #.
.....#..###.##.(###..#######
..........oo(...............
.....#...o.....####.[.###.. ..
#...........## #....>..# . ..
#............###.##.[... .. #.
#..o.........#.(.#######


You could see a centaur, an orc priest and 3 orcs.

Vanquished Creatures
  A slave (D:3)
  A water moccasin zombie (D:3)
  2 hounds
  A centaur skeleton (D:3)
  Ijyb (D:2)
  A worker ant (D:4)
  3 adders
  A worm (D:2)
  2 giant geckos
  7 orcs
  5 giant cockroaches
  13 goblins
  3 hobgoblins
  4 jackals
  10 kobolds
  A ball python (D:1)
  10 bats
  2 quokka skeletons (D:4)
  5 rats
  A fungus (D:1)
74 creatures vanquished.

Vanquished Creatures (collateral kills)
  2 kobolds
2 creatures vanquished.

Vanquished Creatures (others)
  A fungus (D:1)
1 creature vanquished.

Grand Total: 77 creatures vanquished

Notes
Turn   | Place    | Note
-------+----------+-------------------------------------------
     0 | D:1      | Leszczynek the Ogre Necromancer began the quest for the Orb.
     0 | D:1      | Reached XP level 1. HP: 16/16 MP: 3/3
     2 | D:1      | Learned a level 1 spell: Animate Skeleton
   109 | D:1      | Reached skill level 1 in Fighting
   246 | D:1      | Reached skill level 1 in Maces & Flails
   260 | D:1      | Reached XP level 2. HP: 26/27 MP: 3/5
   284 | D:1      | You fall through a shaft!
   376 | D:2      | Found a glowing golden altar of the Shining One.
   505 | D:2      | Reached skill level 2 in Maces & Flails
   712 | D:1      | Reached skill level 2 in Fighting
   772 | D:1      | Reached XP level 3. HP: 35/35 MP: 6/6
  1158 | D:1      | Reached skill level 3 in Maces & Flails
  1567 | D:2      | Noticed Ijyb
  1664 | D:2      | Killed Ijyb
  1664 | D:2      | Reached skill level 4 in Maces & Flails
  1664 | D:2      | Reached XP level 4. HP: 33/42 MP: 7/7
  1866 | D:3      | Noticed a centaur
  1900 | D:2      | Reached skill level 5 in Maces & Flails
  2434 | D:2      | Learned a level 3 spell: Regeneration
  2544 | D:4      | Reached XP level 5. HP: 48/49 MP: 4/8
  2784 | D:4      | Got a heavily jewelled robe
  2800 | D:4      | Identified the +0 robe of Negligence {+Inv Slay+3} (You found it on level 4 of the Dungeon)
  2904 | D:4      | Reached skill level 6 in Maces & Flails
  2911 | D:4      | Noticed an ogre
  3073 | D:4      | Found Ykeysirph's Weapon Boutique.
  3157 | D:4      | Noticed an ice beast
  3179 | D:4      | Noticed Pikel
  3179 | D:4      | Noticed a slave
  3179 | D:4      | Noticed a slave
  3692 | D:3      | Reached skill level 7 in Maces & Flails
  3692 | D:3      | Reached XP level 6. HP: 35/57 MP: 9/9
  4090 | D:3      | Killed a slave
  4198 | D:3      | Slain by a centaur

Vault maps used:
D:1:      onia_arrival_larder, minmay_tree_intersection,
          minmay_gold_behind_fungi
D:2:      kennysheep_the_goblin_king, tso_metal_star
D:3:      nicolae_qazlal_style_of_elements
D:4:      serial_shops, nicolae_shop_waterfront, uniq_pikel

Skill      XL: |  1  2  3  4  5 |
---------------+----------------+-----
Fighting       | 1 2 |  2.0
Maces & Flails | 1 2 4 5 7 |  7.7
Dodging        | |  1.7
Stealth        | |  1.5
Spellcasting   | |  2.4
Necromancy     | |  2.9

Action                   |  1- 3 |  4- 6 || total
-------------------------+-------+-------++-------
Melee: Mace              |   112 |   109 ||   221
       Flail             |       |    31 ||    31
 Cast: Pain              |    26 |    14 ||    40
       Animate Skeleton  |     7 |    11 ||    18
  Use: Potion            |       |     7 ||     7
       Scroll            |       |     6 ||     6
 Stab: Sleeping          |       |     3 ||     3
       Distracted        |       |     1 ||     1
  Eat: Chunk             |     3 |     9 ||    12
Armor: Robe              |    56 |    24 ||    80
       Skin              |       |    18 ||    18
Dodge: Dodged            |    85 |    68 ||   153
